Fanconnil, lawful male dwarven Barbarian ------- ---- |..|..----..| --.. --- |.[.........| --.^..| |.-- ---.....----- |.....-- |..-- ----- |.....----- ---.(--...-----..(| |...----........| --................------....----.-.....--- |...%-- ------.....................|.....| |-...| ---......-......-----.-------.--- |...-- |.....[-.....--- ---|.| |...| ---...| |...........-- --.--.| |--.|.-- |...|.| --........--- |.^...-- --.|....-- ----.--|.| |......--- --.)...-- |.<.-....| -@%.(| |.| ---...-| |..|...| |........| ooo-- |.| |....-- ---|..#- --........-- .... |.|-- |.....| ----- ---# |..........| |.|.-- --....| |...| * --.........-- |%...-- |....---...| |..........| ---...| ---........| ---.--.--.-- ---.| ---.|.---- ------ --- ----- Fanconnil the Pillager Experience level: 5 Strength: 18 Dexterity: 18 Constitution: 17 Intelligence: 7 Wisdom: 10 Charisma: 7 Health: 0(55) Energy: 4(4) Def: 11 Gold: 203 Moves: 3267 Dungeon seed: wmOE6tpNk3niASlG Game ID: Fanconnil_1445099645 Your Inventory: Coins $ - 203 gold pieces Weapons B - a +1 dwarvish mattock (weapon in hands) C - a +0 dwarvish short sword Armor r - an uncursed +0 dwarvish cloak (being worn) y - an uncursed +0 dwarvish iron helm (being worn) z - an uncursed +0 pair of iron shoes (being worn) H - an uncursed +0 plate mail (being worn) Comestibles c - an uncursed food ration g - an uncursed lichen corpse h - an uncursed tripe ration i - an uncursed melon Scrolls s - an uncursed scroll of blank paper w - an uncursed scroll of water x - an uncursed scroll of scare monster A - a blessed scroll of create monster E - an uncursed scroll of enchant weapon Tools f - a bag of tricks (0:0) o - an uncursed brass lantern (0:1330) p - an uncursed tallow candle (0:200) D - an uncursed mirror Gems n - an uncursed worthless piece of violet glass q - 2 uncursed worthless pieces of white glass F - an uncursed worthless piece of green glass N - an uncursed worthless piece of yellow glass Y - an uncursed worthless piece of black glass Spells and supernatural/magical abilities: Name Level Category Fail Memory W - pray for help -- divine ? -- Your skills at the end: Miscellaneous Skills bare handed combat [Basic] Weapon Skills axe [Basic] two-handed sword [Basic] Spellcasting Skills Final Attributes: You were stridently aligned. You were poison resistant. You had infravision. You are dead. Vanquished creatures: a dog 2 rock moles a rock piercer a shrieker 2 kittens a dwarf a homunculus an iguana 2 rothes a centipede a giant bat a werejackal 4 coyotes a gas spore 2 acid blobs 2 large kobolds 5 geckos 2 giant rats 2 yellow molds a red mold 4 gnomes a gnome zombie 4 jackals 3 foxes 2 kobolds 7 newts a goblin 2 sewer rats 13 grid bugs 11 lichens a kobold zombie 83 creatures vanquished. Voluntary challenges: You did not adorn yourself with jewelry or accessories. You used a wielded weapon 76 times, starting on turn 136. You did not apply a unicorn horn. You read items or engraved 3 times, starting on turn 1480. You never genocided any monsters. You never polymorphed an object. You never changed form. You used no wishes. You never split a pudding. You never wrote Elbereth's name. You violated your moral code, losing 3 points of alignment, starting on turn 2412. Dungeon overview: The Dungeons of Doom: levels 1 to 4 Level 1 a fountain a long staircase Level 2 a fountain Level 3 an altar to Mitra Level 4 a sink stairs to The Gnomish Mines The Gnomish Mines: levels 5 to 6 Level 5 stairs to The Dungeons of Doom Level 6 <- You were here History has recorded: On T:1 you entered the Dungeons of Doom to retrieve the Amulet of Yendor! On T:209 you advanced to experience level 2. On T:248 you advanced to experience level 3. On T:631 you reached level 2 of The Dungeons of Doom. On T:1321 you advanced to experience level 4. On T:1323 you reached level 3 of The Dungeons of Doom. On T:1797 you reached level 4 of The Dungeons of Doom. On T:2307 you reached level 1 of The Gnomish Mines. On T:2412 you advanced to experience level 5. On T:2669 you reached level 2 of The Gnomish Mines. Score breakdown: Gold: 203 ( 20 points) Experience: 5 levels ( 400 points) Exploration: 6 levels ( 150 points) Discoveries: 2 items ( 100 points) Variety of kills: 31 monsters ( 1550 points) Major goal: (nothing yet) ( 0 points) Survival: died (score multiplied by 3) Total score: 6660 Latest messages: You kill the dog! The Mordor orc hits! You die... Final status: Goodbye Fanconnil the Barbarian, killed by a Mordor orc... You died in The Gnomish Mines on dungeon level 6 with 6660 points, and 203 pieces of gold, after 3267 moves. You were level 5 with a maximum of 55 hit points when you died.